[Event "MČR v bleskovém šachu družstev 2019"]
[Site "Teplice, Czech Republic"]
[Date "2019.09.14"]
[Round "12.28"]
[White "Vavra, Michal"]
[Black "Hosnedl, Matyas"]
[Result "1/2-1/2"]
[TimeControl "3 mim. + 2 s"]
[WhiteFideId "306398"]
[BlackFideId "390011"]
[WhiteElo "2026"]
[BlackElo "1852"]

1. Nf3 Nf6 2. c4 g6 3. g3 Bg7 4. Bg2 O-O 5. O-O d5 6. d4 dxc4 7. Na3 c5 8. Nxc4 Be6 9. Nfe5 Bd5 10.
f3 cxd4 11. Qxd4 Nc6 12. Nxc6 Bxc6 13.
Qxd8 Rfxd8 14. Bf4 Nd5 15. Be5 Bb5 16. Bxg7 Bxc4 17. Bh6 Bxe2 18. Rfe1 Bb5 19. f4 e6 20. Rac1 Rac8 21. Rxc8 Rxc8 22. Bxd5 exd5 23. Re7 Bc6 24. Kf2 d4 25. h4 Rd8 26.
Ke2 Re8 27. Rxe8+ Bxe8 28. Kd3 1/2-1/2

[Event "MČR v bleskovém šachu družstev 2019"]
[Site "Teplice, Czech Republic"]
[Date "2019.09.14"]
[Round "13.1"]
[White "Kociscak, Jiri"]
[Black "Novotny, Michal"]
[Result "1/2-1/2"]
[TimeControl "3 mim. + 2 s"]
[WhiteTitle "IM"]
[BlackTitle "FM"]
[WhiteFideId "322121"]
[BlackFideId "310980"]
[WhiteElo "2417"]
[BlackElo "2299"]

1. d4 e6 2. c4 d5 3. Nf3 Nf6 4. g3 Be7 5. Bg2 O-O 6. O-O dxc4 7. Qc2 b6 8. Nbd2 Bb7 9. Nxc4 c5 10. Rd1 Qc8 11. dxc5 Bxc5 12. Qb3 Bd5 13. Nfe5 Bxg2 14. Kxg2 Nc6 15.
Be3 Nxe5 16. Nxe5 Qb7+ 17. f3 Bxe3 18. Qxe3 Rac8 19. Rac1 Rxc1 20. Rxc1 Rc8 21. Qd2 h6 22. b4 Nd5 23.
b5 Rxc1 24. Qxc1 f6 25. Nc6 Qd7 26. Qd2 Qc7 27. Qd4 Ne7 28. Qc4 Nd5 29. Kf2 Qd6 30. e4 Nc7 31. Nd4 Kh7 32. a4 e5 33. Nc2 Ne6 34. Qd5 Qc7 35. Qc6 Qe7 36. Ne3 Nd4 37. Qc3 Qd7 38. Nd5 Qh3 39. Ke3 Qxh2 40. Qd3 Qg1+ 41. Kd2 Qf2+ 42. Kc3 Qxf3 43.
Qxf3 Nxf3 44. Ne7 g5 45. Nc6 h5 46. Nxa7 h4 47. gxh4 gxh4 48. a5 bxa5 49. b6
h3 50. b7 h2 51. b8=Q h1=Q 52. Qc7+ Kg6 53. Nc6 Qc1+ 54. Kd3 Qd2+ 55. Kc4 Qc2+ 56. Kd5 Qb3+ 57. Kd6 Kg5 58.
Qg7+ Kf4 59. Qxf6+ Kxe4 60. Qg6+ Ke3 61.
Nxe5 Qb6+ 62. Nc6 Qxc6+ 63. Kxc6 Ne5+ 64. Kb5 Nxg6 65. Kxa5 1/2-1/2

[Event "MČR v bleskovém šachu družstev 2019"]
[Site "Teplice, Czech Republic"]
[Date "2019.09.14"]
[Round "13.2"]
[White "Rolinek, Dominik"]
[Black "Polak, Tomas"]
[Result "0-1"]
[TimeControl "3 mim. + 2 s"]
[BlackTitle "GM"]
[WhiteFideId "384569"]
[BlackFideId "300560"]
[WhiteElo "1885"]
[BlackElo "2510"]

1. d4 Nf6 2. Bf4 d5 3.
e3 c5 4. c3 Nc6 5. Nd2 Qb6 6.
Qb3 c4 7. Qc2 g6 8. Ngf3 Bf5 9. Qc1 Rc8 10. Be2 Bg7 11. h3 O-O 12. O-O Ne4 13. Nxe4 Bxe4 14. Nd2 Bf5 15. g4 Bd3 16.
Bxd3 cxd3 17. Qb1 Qa6 18. Nf3 f6 19.
Rd1 e5 20. Bg3 e4 21. Nd2 f5 22. Kg2 fxg4 23. hxg4 Ne7 24. f3 Qe6 25. fxe4 dxe4 26. g5 Qg4 27. Qc1 Nf5 28. Nf1 Nh4+ 0-1

[Event "MČR v bleskovém šachu družstev 2019"]
[Site "Teplice, Czech Republic"]
[Date "2019.09.14"]
[Round "13.3"]
[White "Stocek, Jiri"]
[Black "Richtr, Zdenek"]
[Result "0-1"]
[TimeControl "3 mim. + 2 s"]
[WhiteTitle "GM"]
[WhiteFideId "304760"]
[BlackFideId "301248"]
[WhiteElo "2505"]
[BlackElo "2138"]

1. e4 c5 2. Nf3 Qc7 3. c3 Nf6 4. e5 Nd5 5. d4 cxd4 6. cxd4 e6 7. Bd3 Nb4 8.
Be4 d5 9. exd6 Bxd6 10. Nc3 h6 11. a3 N4c6 12. O-O O-O 13. d5 exd5 14. Bxd5 a6 15. Re1 Bg4 16. h3 Bh5 17. Qd3 Ne5 18.
Nxe5 Bxe5 19. g4 Bg6 20. Qxg6 Bxc3 21. bxc3 Qxc3 22. Bxh6 Nc6 23. Rac1 Qd4 24. Rcd1 Qf6 0-1

[Event "MČR v bleskovém šachu družstev 2019"]
[Site "Teplice, Czech Republic"]
[Date "2019.09.14"]
[Round "13.4"]
[White "Hosnedl, Matyas"]
[Black "Vymazal, Bronislav"]
[Result "0-1"]
[TimeControl "3 mim. + 2 s"]
[WhiteFideId "390011"]
[BlackFideId "318396"]
[WhiteElo "1852"]
[BlackElo "2309"]

1. e4 b6 2. d4 Bb7 3. Nc3 e6 4. a3 c5 5. Nf3 cxd4 6. Nxd4 a6 7. Be3 Ne7 8. Bd3 Nbc6 9. Nxc6 Nxc6 10. O-O Qc7 11. f4 Be7 12. Qf3 b5 13.
Qg3 O-O 14. e5 f5 15. Ne2 Na5 16. b3 Be4 17. Qf2 Bxd3 18. cxd3 Nxb3 19. Rab1 Qc2 20. d4 Bxa3 21. Qf3 a5 22.
Bf2 a4 23. d5 Nd2 24. Qxa3 Nxb1 25. Qb4 Qxe2 26. Rxb1 a3 27. dxe6 dxe6 28. Qd6 Qc4 0-1

[Event "MČR v bleskovém šachu družstev 2019"]
[Site "Teplice, Czech Republic"]
[Date "2019.09.14"]
[Round "13.5"]
[White "Trepka, Jan"]
[Black "Jirovsky, Milos"]
[Result "1/2-1/2"]
[TimeControl "3 mim. + 2 s"]
[BlackTitle "GM"]
[WhiteFideId "322814"]
[BlackFideId "303224"]
[WhiteElo "2186"]
[BlackElo "2499"]

1. d4 d5 2. c4 e6 3. a3 Nf6 4. Nc3 c6 5. c5 b6 6. b4 a5 7. Bf4 Ba6 8. Nf3 Nbd7 9. e3 Bxf1 10. Kxf1 Be7 11. h3 O-O 12. g4 Ne4 13.
Nxe4 dxe4 14. Ne5 Nxe5 15. Bxe5 Qd5 16. Kg2 b5 17. Rf1 Ra7 18. Qd2 Rfa8 19. Qb2 f6 20. Bg3 Kf7 21. a4 axb4 22. axb5 Rxa1 23. Rxa1 Rxa1 24.
Qxa1 cxb5 25. Qa6 e5 26. dxe5 fxe5 27. c6 Qc5 28. Qb7 b3 29. c7 b2 30. c8=Q Qxc8 31. Qxc8 b1=Q 32. Qf5+ Ke8 1/2-1/2

[Event "MČR v bleskovém šachu družstev 2019"]
[Site "Teplice, Czech Republic"]
[Date "2019.09.14"]
[Round "13.6"]
[White "Sokolov, Alexander"]
[Black "Ruzicka, Ales"]
[Result "1-0"]
[TimeControl "3 mim. + 2 s"]
[WhiteTitle "FM"]
[WhiteFideId "4119177"]
[BlackFideId "325252"]
[WhiteElo "2417"]
[BlackElo "2102"]

1. e4 c5 2. Nf3 d6 3. d4 cxd4 4. Nxd4 Nf6 5. Nc3 a6 6. Bc4 e6 7. Bb3 Be7 8. g4 Qc7 9. g5 Ng8 10. Be3 Nc6 11. Qe2 Bd7 12.
h4 Rc8 13. O-O-O b5 14. h5 b4 15. Nb1 Nxd4 16. Rxd4 a5 17. Rc4 Qb7 18. Rxc8+ Qxc8 19. Nd2 h6 20. g6 fxg6 21. hxg6 Nf6 22.
f4 Qc6 23. Bd4 O-O 24. f5 Rc8 25. fxe6 Be8 26. Rg1 a4 27. Bc4 d5 28. Bxf6 Bxf6 29. exd5 Qc5 30. Rf1 b3 31. axb3 axb3 32. Bxb3 Bg5 33. Kb1 Bxg6 34.
Ne4 Bxe4 35. Qxe4 Ra8 36. d6 Qa5 37. e7+ Kh8 38. Rf8+ 1-0

[Event "MČR v bleskovém šachu družstev 2019"]
[Site "Teplice, Czech Republic"]
[Date "2019.09.14"]
[Round "13.7"]
[White "Loskot, Petr"]
[Black "Dolezal, Radoslav"]
[Result "0-1"]
[TimeControl "3 mim. + 2 s"]
[BlackTitle "IM"]
[WhiteFideId "319570"]
[BlackFideId "304735"]
[WhiteElo "2010"]
[BlackElo "2359"]

1. e4 c6 2. d4 d5 3. exd5 cxd5 4. Bd3 Nf6 5. c3 Nc6 6. Nf3 Bg4 7. h3 Bh5 8. Bg5 e6 9. Nbd2 Bd6 10. Qb3 Qc7 11. Rc1 Bg6 12.
Bxg6 hxg6 13. c4 dxc4 14. Nxc4 Nd5 15. Nce5 O-O 16. Nxc6 bxc6 17. O-O Rab8 18. Qa4 Rxb2 19. Rxc6 Qb8 20.
Rfc1 Nb4 21. R6c3 Nxa2 22. Ra1 Nxc3 0-1

[Event "MČR v bleskovém šachu družstev 2019"]
[Site "Teplice, Czech Republic"]
[Date "2019.09.14"]
[Round "13.8"]
[White "Postupa, Pavel"]
[Black "Meszaros, Ludek"]
[Result "0-1"]
[TimeControl "3 mim. + 2 s"]
[WhiteFideId "326410"]
[BlackFideId "308153"]
[WhiteElo "2184"]
[BlackElo "2070"]

1. e4 e5 2. Nf3 Nc6 3. Bb5 a6 4. Ba4 Nf6 5. O-O Be7 6.
d3 d6 7.
c4 O-O 8. h3 h6 9. Re1 Re8 10. Nbd2 Bf8 11. Nf1 Bd7 12. Ng3 g6 13. Bxc6 bxc6 14. Be3 Bg7 15.
Qd2 Kh7 16. Nh2 d5 17. Qc2 d4 18.
Bd2 c5 19. f4 exf4 20. Bxf4 Be6 21.
Rf1 Nd7 22. Nf3 a5 23. Qd2 a4 24. Rf2 Rb8 25. Raf1 Rb6 26. Qd1 Qb8 27. Bc1 Ra6 28. Qd2 Qb4 29. Qd1 Nb8 30. Nh2 Nc6 31.
Ng4 Bxg4 32. hxg4 Ne5 33. Bf4 f6 34. Bxe5 Rxe5 35. Rc2 Qb8 36. Rff2 Rae6 37. Nf1 c6 38. Nh2 Rg5 39. Rce2 a3 40. bxa3 Qa7 41. Qb3 Re7 42.
Rb2 Qa5 43. Rf1 Ra7 44. Qb8 Qxa3 45. Rb3 Qxa2 46. Rb7 Rxb7 47. Qxb7 Qd2 48. Qb3 Qe3+ 49.
Kh1 h5 50. Qd1 hxg4 51. g3 f5 52. e5 Qxg3 53. e6 Rh5 54. Qe2 Qb8 55. Kg1 Qg3+ 56. Kh1 Qb8 57. Kg2 Rxh2+ 58. Kg1 Rxe2 0-1

[Event "MČR v bleskovém šachu družstev 2019"]
[Site "Teplice, Czech Republic"]
[Date "2019.09.14"]
[Round "13.9"]
[White "Vykouk, Jan"]
[Black "Sykora, Ondrej"]
[Result "1/2-1/2"]
[TimeControl "3 mim. + 2 s"]
[WhiteTitle "IM"]
[WhiteElo "2439"]
[BlackElo "2122"]

1. e4 e5 2. Nf3 Nc6 3. Bc4 Bc5 4. c3 Nf6 5. d4 exd4 6. O-O Nxe4 7. cxd4 Be7 8. d5 Nd6 9. dxc6 Nxc4 10. Qd4 Nd6 11. Qxg7 Rf8 12. cxd7+ Bxd7 13. Nc3 Be6 14. Re1 Qd7 15. Ne5 Qc8 16. Bh6 Nf5 17. Qxh7 Nxh6 18. Qxh6 c6 19. Rad1 Qc7 20. Qe3 Rd8 21. Rxd8+ Qxd8 22. Qxa7 Qc7 23. Qa8+ Bd8 24. Qa7 Rg8 25. Qe3 Bf6 26. g3 Kf8 27. Nxf7 Bxf7 28. Ne4 Qe5 29. Qa3+ Be7 30. Qe3 Bd5 31. f4 Qxe4 32. Qxe4 Bxe4 33.
Rxe4 Kf7 34. Kg2 Ra8 35.
a3 c5 36. g4 b5 37. Kf3 Rd8 38. Re2 Rd3+ 39. Ke4 Rb3 40. g5 c4 41. h4 c3 42. bxc3 Rxc3 43. Rb2 Rc4+ 44. Kf5 Rc5+ 45. Kg4 Bxg5 46. hxg5 Rc4 1/2-1/2

[Event "MČR v bleskovém šachu družstev 2019"]
[Site "Teplice, Czech Republic"]
[Date "2019.09.14"]
[Round "13.10"]
[White "Hacha, Ales"]
[Black "Studnicka, Tomas"]
[Result "1/2-1/2"]
[TimeControl "3 mim. + 2 s"]
[BlackTitle "IM"]
[WhiteElo "2065"]
[BlackElo "2215"]

1. e4 c5 2. Nf3 Nc6 3.
g3 g6 4.
Bg2 Bg7 5. O-O d6 6. c3 Bd7 7.
d4 Qc8 8. Re1 Bh3 9. Bh1 Bg4 10. Qa4 a6 11. d5 b5 12. Qc2 Nd8 13. Bf4 f6 14. Nbd2 Nh6 15. a4 O-O 16. Nf1 Nhf7 17.
Ne3 Bd7 18. h4 bxa4 19. Nc4 Ne5 20. Nb6 Qb7 21. Nxa8 Qxa8 22. Nxe5 fxe5 23. Bg5 Rf7 24. Bg2 Nb7 25. Kh2 Na5 26.
Rxa4 Bxa4 27. Qxa4 Nb7 28. Be3 a5 29. Bh3 Rf8 30. Ra1 Qb8 31. Bd7 Qc7 32. Bc6 Rb8 33. Bxb7 Rxb7 34. Qxa5 Qxa5 35. Rxa5 Rxb2 36. Ra8+ Kf7 37.
Ra7 Bf6 38. Kg2 Rc2 39. Ra3 Kg7 40. Kf3 h6 41. Rb3 h5 1/2-1/2

[Event "MČR v bleskovém šachu družstev 2019"]
[Site "Teplice, Czech Republic"]
[Date "2019.09.14"]
[Round "13.11"]
[White "Cech, Pavel"]
[Black "Zima, Jan"]
[Result "1-0"]
[TimeControl "3 mim. + 2 s"]
[WhiteTitle "IM"]
[WhiteElo "2387"]
[BlackElo "2048"]

1. e4 c5 2. Nf3 d6 3.
Bb5+ Bd7 4. c4 Nc6 5. O-O Nf6 6. Nc3 g6 7. d4 cxd4 8. Nxd4 Bg7 9. h3 O-O 10. Be3 a6 11. Bxc6 Bxc6 12. Nxc6 bxc6 13. Qd2 Qc7 14. Bh6 Rfe8 15. Bxg7 Kxg7 16.
f4 Rab8 17. b3 Qa5 18. Rae1 Rbd8 19.
Qb2 e5 20. f5 d5 21. exd5 cxd5 22. fxg6 fxg6 23. Rxf6 Kxf6 24. Nxd5+ Rxd5 25. cxd5 Qxd5 26. Kh1 Kg7 27. Qe2 Qd6 28.
Qe4 Re7 29. Kh2 Qd2 30. Re2 Qd6 31. Rc2 Qd4 32. Re2 Qxe4 33. Rxe4 Kf6 34. Kg3 Rc7 35. Ra4 Rc6 36. Kf3 Kf5 37. g4+ Ke6 38. Ke4 Kd6 39. Ra5 Rb6 40. Rd5+ Ke6 41.
Rxe5+ Kf6 42. Ra5 Ke6 43. g5 Kd6 44.
Kd4 Kc6 45. Ke5 Kd7 46. Rd5+ Ke7 47. Rc5 Kd7 48. h4 Re6+ 49. Kd5 Rd6+ 50. Ke5 Rd2 51. Rd5+ 1-0

[Event "MČR v bleskovém šachu družstev 2019"]
[Site "Teplice, Czech Republic"]
[Date "2019.09.14"]
[Round "13.12"]
[White "Broucek, Tomas"]
[Black "Sodoma, Jan"]
[Result "0-1"]
[TimeControl "3 mim. + 2 s"]
[BlackTitle "IM"]
[WhiteElo "2044"]
[BlackElo "2193"]

1. d4 Nf6 2. Nf3 e6 3. e3 b6 4.
Bd3 Bb7 5. O-O Be7 6. Nbd2 d5 7. Qe2 O-O 8. e4 dxe4 9. Nxe4 Nbd7 10. Bf4 Nd5 11.
Bd2 Nb4 12. Bxb4 Bxb4 13. c3 Be7 14. Rfe1 c5 15. dxc5 Nxc5 16. Nxc5 Bxc5 17. Rad1 Qf6 18. Be4 Bxe4 19. Qxe4 Rad8 20. Qe5 Qe7 21. Nd4 Bxd4 22. Rxd4 Rxd4 23. Qxd4 Rd8 24. Qe3 Qd6 25.
g3 h6 26. h4 Qd2 27. Qe2 g6 28. Kf1 Qd5 29. Qe4 Qxa2 30. Re2 Rd1+ 31. Kg2 Qd5 32. Qxd5 Rxd5 33. Kf3 Kg7 34. Rc2 Kf6 35.
Ke2 Ke5 36. f3 Kd6 37. Ke3 f5 38. h5 g5 39. Rh2 Kc5 40. b3 Rd1 41. Ra2 a5 42. b4+ axb4 43. cxb4+ Kxb4 44. Ra7 Rh1 45. g4 Rh3 46. Kf2 fxg4 47. fxg4 Rh2+ 48. Kg3 Rd2 49. Re7 Rd3+ 50. Kg2 Rd6 51. Rh7 e5 52. Rg7 Kc5 53. Rg6 b5 54. Kf3 b4 55. Ke4 b3 56. Kxe5 Rb6 57. Ke4 Kd5+ 0-1

[Event "MČR v bleskovém šachu družstev 2019"]
[Site "Teplice, Czech Republic"]
[Date "2019.09.14"]
[Round "13.13"]
[White "Bach, Markus"]
[Black "Bernasek, Jan"]
[Result "0-1"]
[TimeControl "3 mim. + 2 s"]
[BlackTitle "GM"]
[WhiteFideId "24603376"]
[BlackFideId "311995"]
[WhiteElo "2259"]
[BlackElo "2526"]

1. d4 Nf6 2. Nf3 e6 3. g3 c5 4.
Bg2 Nc6 5. O-O b6 6. c4 cxd4 7.
Nxd4 Bb7 8. Nxc6 Bxc6 9. Bxc6 dxc6 10. Qxd8+ Rxd8 11. Bg5 Be7 12. Nc3 h6 13. Bf4 Bb4 14.
Rac1 Ke7 15. a3 Bc5 16. Rfd1 Bd4 17. Bd2 Rd7 18. e3 Be5 19. f4 Bd6 20. Kg2 Rhd8 21. Be1 Bc5 22. Rxd7+ Rxd7 23. Kf3 Rd3 24. Bf2 Rd2 25.
Na4 e5 26. Nxc5 bxc5 27. fxe5 Nd7 28. Be1 Rxb2 29. Bc3 Rxh2 30. Rb1 Rc2 31. Rb3 Nb6 32. Ke4 Ke6 33. Kd3 Ra2 34. Bb2 Na4 35. Bc1 Nb6 36. Bb2 h5 37. Kc2 Nxc4 0-1

[Event "MČR v bleskovém šachu družstev 2019"]
[Site "Teplice, Czech Republic"]
[Date "2019.09.14"]
[Round "13.15"]
[White "Tresnak, Filip"]
[Black "Vrbata, Zbynek"]
[Result "0-1"]
[TimeControl "3 mim. + 2 s"]
[BlackTitle "FM"]
[WhiteFideId "333905"]
[BlackFideId "301256"]
[WhiteElo "1931"]
[BlackElo "2324"]

1. e4 e6 2. d4 d5 3. e5 Qd7 4. Bd3 b6 5. Ne2 Ba6 6. O-O Bxd3 7. Qxd3 Ne7 8. Be3 Nf5 9. c3 Be7 10. Nd2 O-O 11. b4 a5 12. a3 a4 13. f4 c5 14. bxc5 bxc5 15. c4 cxd4 16. Nxd4 dxc4 17. Nxc4 Nc6 18. Nb6 Qd8 19. Nxa8 Ncxd4 20. Bxd4 Nxd4 21. Rac1 Nb3 22. Rcd1 Qxa8 23. Qd7 Bxa3 24. Rde1 Bc5+ 25. Kh1 a3 26. Qb5 Rb8 27. Qe2 a2 28. Qc2 Bd4 29. Rd1 a1=Q 30. Rxa1 Nxa1 31. Qd2 Rb2 0-1

[Event "MČR v bleskovém šachu družstev 2019"]
[Site "Teplice, Czech Republic"]
[Date "2019.09.14"]
[Round "13.16"]
[White "Kuba, Jindrich"]
[Black "Prudek, Jiri"]
[Result "1-0"]
[TimeControl "3 mim. + 2 s"]
[WhiteTitle "FM"]
[WhiteFideId "318248"]
[BlackFideId "327310"]
[WhiteElo "2223"]
[BlackElo "1962"]

1. e4 c5 2. Nf3 e6 3. d4 cxd4 4. Nxd4 a6 5. Bd3 Qc7 6. O-O Bd6 7. Nf3 Nc6 8. h3 Nf6 9. Nc3 Ne5 10. Nxe5 Bxe5 11. Ne2 Qb6 12. Kh1 O-O 13. f4 Bb8 14. b3 d5 15. exd5 Nxd5 16. Rf3 Qc7 17.
c4 Ne7 18. Bb2 Ng6 19. Qc2 b5 20. Be4 Bb7 21. Bxb7 Qxb7 22. c5 a5 23. Qc3 f6 24. a3 Qd5 25. Qd3 1-0

[Event "MČR v bleskovém šachu družstev 2019"]
[Site "Teplice, Czech Republic"]
[Date "2019.09.14"]
[Round "13.17"]
[White "Rubes, Jan"]
[Black "Formanek, Martin"]
[Result "1-0"]
[TimeControl "3 mim. + 2 s"]
[WhiteTitle "FM"]
[WhiteFideId "338176"]
[BlackFideId "316768"]
[WhiteElo "2316"]
[BlackElo "2230"]

1. Nf3 Nf6 2. g3 g6 3. b3 Bg7 4. Bb2 O-O 5. Bg2 d6 6. d4 e5 7. dxe5 Ng4 8. Nc3 Nxe5 9. Nxe5 dxe5 10. Qxd8 Rxd8 11. Nd5 Rd7 12. O-O-O Nc6 13. e3 Kf8 14. Rd2 Nd8 15.
Ba3+ Ke8 16. Rhd1 Ne6 17. Bh3 f5 18. g4 Ng5 19. Bg2 c6 20. h4 Ne6 21. gxf5 gxf5 22. Nc3 Rxd2 23. Rxd2 e4 24. Ne2 Nc7 25. Nf4 Be5 26. Bd6 Bxd6 27.
Rxd6 Ke7 28. Rh6 Be6 29. Rxh7+ Kd6 30. Rxc7 Kxc7 31. Nxe6+ Kd6 32. Nf4 Ke5 33.
h5 Kf6 34. Kd2 Rd8+ 35. Ke2 Kg5 36. Ne6+ 1-0

[Event "MČR v bleskovém šachu družstev 2019"]
[Site "Teplice, Czech Republic"]
[Date "2019.09.14"]
[Round "13.18"]
[White "Dvorak, Jan"]
[Black "Hadraba, Vladimir"]
[Result "1/2-1/2"]
[TimeControl "3 mim. + 2 s"]
[WhiteFideId "314870"]
[BlackFideId "301663"]
[WhiteElo "2229"]
[BlackElo "2095"]

1. c4 g6 2. Nc3 Bg7 3. d4 Nf6 4. e4 d6 5. Nge2 O-O 6.
Ng3 Nbd7 7. Be2 e5 8. d5 a5 9. h4 h5 10. Bg5 Nc5 11. Qd2 Bd7 12. O-O Qe8 13. f4 exf4 14. Qxf4 Nh7 15.
Bh6 Bxh6 16. Qxh6 Qe5 17. Rf3 Bg4 18. Rf4 Bxe2 19. Ngxe2 Rae8 20. Raf1 Qg7 21. Qxg7+ Kxg7 22. R1f3 Nd7 23.
b3 Ne5 24. Rf1 Nd3 25. R4f3 Ne5 26. Rf4 Nd3 1/2-1/2

[Event "MČR v bleskovém šachu družstev 2019"]
[Site "Teplice, Czech Republic"]
[Date "2019.09.14"]
[Round "13.19"]
[White "Kral, David"]
[Black "Chmel, Kristian"]
[Result "1-0"]
[TimeControl "3 mim. + 2 s"]
[WhiteFideId "326097"]
[BlackFideId "344281"]
[WhiteElo "2028"]
[BlackElo "2097"]

1. d4 Nf6 2. c4 g6 3.
Nc3 d5 4. cxd5 Nxd5 5. e4 Nxc3 6. bxc3 Bg7 7. Bc4 c5 8.
Ne2 O-O 9. O-O Nc6 10. Be3 Bd7 11.
dxc5 Ne5 12. Bd5 Qc7 13. Rb1 Bc6 14. Qb3 Rab8 15. f3 e6 16. Bc4 Nxc4 17. Qxc4 a6 18. Nd4 Be8 19. Rb6 e5 20.
Nb3 Bb5 21. Rxb5 axb5 22. Qxb5 Rfd8 23. Na5 Bf8 24. Nc4 Rbc8 25. Nb6 Bxc5 26. Bxc5 Qxc5+ 27. Qxc5 Rxc5 28. Nd5 Ra5 29. Rb1 Rb8 30. Rb2 Rba8 31. Nb4 b5 32. Kf2 Rc8 33.
Nd5 Kf8 34. Ke3 Rca8 35. Nb4 Rc8 36. Nd5 Rc4 37. Kd3 Rc8 38. Kc2 Rca8 39. Kb3 Ra4 40. Nb4 R8a7 41. Rd2 Kg7 42. Rd5 Ra3+ 43.
Kb2 Rc7 44. Kxa3 Rxc3+ 45. Kb2 Re3 46. Rd3 Re2+ 47. Kb3 Rxg2 48.
Rd5 Rf2 49. Nd3 Rxf3 50. Kb4 Rh3 51.
Kxb5 f5 52. exf5 e4 53. Rd7+ Kf6 54.
fxg6 exd3 55. g7 Rh5+ 56. Kc4 Rg5 57.
h4 Rg4+ 58. Kxd3 Rg3+ 59. Ke4 h5 60. Kf4 Rg4+ 61. Kf3 Rg1 62. a4 Rg4 63. a5 1-0

[Event "MČR v bleskovém šachu družstev 2019"]
[Site "Teplice, Czech Republic"]
[Date "2019.09.14"]
[Round "13.21"]
[White "Liska, Jiri"]
[Black "Krejci, Jan"]
[Result "0-1"]
[TimeControl "3 mim. + 2 s"]
[WhiteTitle "FM"]
[BlackTitle "GM"]
[BlackFideId "322156"]
[WhiteElo "2241"]
[BlackElo "2527"]

1. Nf3 Nf6 2. c4 e6 3. g3 d5 4. d4 dxc4 5. Qa4+ c6 6. Qxc4 Be7 7. Bg2 O-O 8.
O-O b5 9. Qc2 Bb7 10. Nbd2 Nbd7 11. Nb3 Rc8 12. Ne5 Nxe5 13. dxe5 Nd7 14. f4 Qb6+ 15. Kh1 c5 16. e4 c4 17. Nd2 Nc5 18. Nb1 Rfd8 19. Be3 Rd3 20. Bg1 Rcd8 21. a4 bxa4 22.
Rxa4 Qb5 23. Rxc4 Nb3 24. Rc7 Bf8 25. Nc3 Qb4 26. Bxa7 Rd2 27. Qb1 Ba6 28. Re1 Qa5 29. Rc6 Bb7 30.
Bb6 Qa6 31. Bxd8 Qxc6 32. Bg5 h6 33.
Bh4 Nd4 34. Rd1 Rxd1+ 35. Qxd1 Bc5 36. h3 Ba6 37. Qg4 Kh8 38. Qh5 Qb7 39. Bf6 Kh7 40. f5 gxf6 41. exf6 Bf8 42. fxe6 Nxe6 0-1

[Event "MČR v bleskovém šachu družstev 2019"]
[Site "Teplice, Czech Republic"]
[Date "2019.09.14"]
[Round "13.23"]
[White "Marsalek, Zdenek"]
[Black "Strasil, Pavel"]
[Result "1-0"]
[TimeControl "3 mim. + 2 s"]
[BlackFideId "308013"]
[WhiteElo "2272"]
[BlackElo "2026"]

1. d4 Nf6 2. Nf3 e6 3.
g3 d5 4. Bg2 c5 5. O-O Nc6 6. c4 Be7 7. cxd5 exd5 8. h3 O-O 9. Nc3 h6 10. Be3 c4 11. Ne5 a6 12. f4 Bf5 13. g4 Be4 14. Nxe4 Nxe4 15. Bxe4 Nxe5 16. dxe5 dxe4 17.
Qc2 Qd5 18. Rfd1 Qc6 19. Rd4 Bc5 20.
Rxe4 Bxe3+ 21. Rxe3 Qc5 22. Kf2 Rfd8 23. Kf3 Rd4 24. b3 Rad8 25. Rc1 Qd5+ 26. Kg3 cxb3 27. axb3 Rd2 28. Qc4 Qd7 29. e6 fxe6 30. Qxe6+ Qxe6 31. Rxe6 Kf7 32. Re4 R8d7 33. f5 a5 34. Rc5 Rb2 35.
Rb5 Kg8 36. Re3 Ra2 37. Kf3 Kh7 38. h4 Ra1 39. g5 hxg5 40. hxg5 Rg1 41. g6+ Kh6 42. Rxa5 b6 43. Rb5 Rd6
44. Kf2 Rg4 45. Rf3 Rf6 46. e3 Kg5 47. b4 Kh4 48. Ke2 Rd6 49. Rf1 Rg2+ 50. Kf3 Rh2 51. Kf4 Rf6 52. Rd5 Rg2 53. Rd8 Rg4+ 54. Ke5 Kg5 1-0

[Event "MČR v bleskovém šachu družstev 2019"]
[Site "Teplice, Czech Republic"]
[Date "2019.09.14"]
[Round "13.24"]
[White "Krejci, Jan"]
[Black "Duran, Tomas"]
[Result "1-0"]
[TimeControl "3 mim. + 2 s"]
[WhiteFideId "316873"]
[WhiteElo "2048"]
[BlackElo "2135"]

1. Nf3 Nf6 2. c4 g6 3. b4 Bg7 4. Bb2 O-O 5. g3 d6 6. Bg2 c6 7. O-O e5 8.
d3 h6 9.
Nbd2 Be6 10. a4 a5 11. b5 Qc7 12. Qc2 Re8 13. Bc3 Nbd7 14. Nb3 c5 15. Nfd2 Ra7 16. e3 b6 17. Rac1 Nf8 18.
Qb2 Bf5 19. d4 exd4 20. exd4 Qd8 21. Bc6 Re2 22. Bf3 Re8 23. Rfe1 Rae7 24. Rxe7 Rxe7 25. dxc5 dxc5 26. Bxf6 Bxf6 27. Qa2 Qd3 28. Bg2 Nd7 29. Bf1 Qd6 30. Nf3 Bg4 31. Nbd2 Ne5 32. Nxe5 Rxe5 33.
Qc2 Bf5 34. Qd1 Re8 35. Nf3 Qe6 36. Bd3 Bg4 37. Kg2 Rd8 38. Qe2 Qd6 39. Rd1 Qc7 40. Qe4 Bf5 41. Qe2 Qd6 42. Bc2 Qc7 43.
Rxd8+ Qxd8 44. Bxf5 gxf5 45. Qe3 Kg7 46. Qf4 Qd7 47. h4 Qe6 48. Kh2 Qe4 49. Qxe4 fxe4 50. Nd2 e3 51.
fxe3 Bc3 52. Nf1 Kf6 53. Kg2 Kf5 54. Kf3 h5 55. Nh2 Bb2 56. e4+ Ke5 57. Ke3 Bd4+ 58. Kd3 Bf2 59. Nf1 f6 60. Ke2 Bd4 61. Kf3 Bc3 62. Ne3 Be1 63. Nd5 f5 64. exf5 Kxf5 65. Nxb6 Ke5 66. Nd7+ Kd6 67. Nf6 Ke5 68. Nxh5 Kd4 69. Nf4 Kxc4 70. h5 Bc3 71. Ke4 Bg7 72. g4 Bh6 73. Ne6 Kb4 74. g5 Bxg5 75.
Nxg5 c4 76. h6 c3 77. Kd3 Kb3 78. h7 c2 79. h8=Q c1=Q 80. Qg8+ Kxa4 81. Qc4+ Qxc4+ 82. Kxc4 Ka3 83. b6 Kb2 84. b7 Kc2 85. b8=Q 1-0

[Event "MČR v bleskovém šachu družstev 2019"]
[Site "Teplice, Czech Republic"]
[Date "2019.09.14"]
[Round "13.25"]
[White "Zeman, Matyas"]
[Black "Babicka, Michal"]
[Result "1-0"]
[TimeControl "3 mim. + 2 s"]
[WhiteFideId "364398"]
[WhiteElo "2094"]
[BlackElo "2076"]

1. d4 Nf6 2. Nc3 d5 3. Bf4 g6 4. e3 Bg7 5. h4 h5 6. Nf3 Bg4 7. Qd2 O-O 8. Ne5 Be6 9. Be2 Nbd7 10. f3 Nxe5 11. Bxe5 Nd7 12. Bxg7 Kxg7 13. e4 dxe4 14. d5 Bf5 15. fxe4 Bg4 16. Bxg4 hxg4 17. h5 Rh8 18. O-O-O Ne5 19. hxg6 Kxg6 20. Qf4 f6 21. Qf5+ Kg7 22. Nb5 Qd7 23. Qxd7 Nxd7 24. Nxc7 Rac8 25. Ne6+ Kg6 26. Nf4+ Kf7 27.
Nd3 b6 28. Kd2 Kg6 29. c3 Rxh1 30. Rxh1 Rc4 31. Ke3 a5 32. Rh8 b5 33. Rd8 Nb6 34. Rb8 Nd7 1-0

[Event "MČR v bleskovém šachu družstev 2019"]
[Site "Teplice, Czech Republic"]
[Date "2019.09.14"]
[Round "13.26"]
[White "Mach, Petr"]
[Black "Svanda, Ondrej"]
[Result "1/2-1/2"]
[TimeControl "3 mim. + 2 s"]
[BlackTitle "FM"]
[BlackFideId "359670"]
[WhiteElo "1961"]
[BlackElo "1924"]

1. Nf3 c5 2. g3 Nc6 3. d4 cxd4 4.
Nxd4 g6 5. Bg2 Bg7 6. Nxc6 bxc6 7. O-O Nf6 8. c4 O-O 9. Nc3 Qc7 10. Qc2 d6 11. e4 e5 12. h3 Be6 13. b3 Nd7 14. Be3 f5 15. f4 Nf6 16. fxe5 dxe5 17. Rad1 Nh5 18.
Kh2 f4 19. Bf2 fxg3+ 20. Bxg3 Nxg3 21. Kxg3 Bh6 22. Kh2 Bf4+ 23. Kh1 Rad8 24. Ne2 Bg5 25. Rxd8 Qxd8 26. Rxf8+ Qxf8 27.
Qd1 Qa3 28. Qc2 Qc5 29. Qd3 Qa3 30.
Qc2 Qd6 31. c5 Qd7 32. Kh2 h5 33. Qc3 Bf6 34. Qf3 Kg7 35. Qc3 h4 36. a3 g5 37. b4 g4 38. hxg4 Bxg4 39. Qe3 Kg6 40. Bf3 Bg5 41. Qf2 Bxf3 42. Qxf3 Qe6 43. Kg2 Qa2 44. Kh3 Qe6+ 45. Kg2 Qa2 46. Kh3 Qe6+ 47. Kg2 1/2-1/2

[Event "MČR v bleskovém šachu družstev 2019"]
[Site "Teplice, Czech Republic"]
[Date "2019.09.14"]
[Round "13.27"]
[White "Skacelik, Petr"]
[Black "Popper, Tomas"]
[Result "0-1"]
[TimeControl "3 mim. + 2 s"]
[WhiteFideId "307904"]
[WhiteElo "2078"]
[BlackElo "2088"]

1. d4 Nf6 2. c4 c5 3. d5 b5 4. cxb5 a6 5. f3 e6 6. e4 exd5 7. e5 Ng8 8. Qxd5 Ra7 9. Nc3 Bb7 10. Qd1 d5 11. exd6 Bxd6 12. Bc4 Ne7 13. Nge2 O-O 14. O-O Nf5 15.
Ne4 Be7 16. Qxd8 Rxd8 17. Bf4 axb5 18. Bxb5 Nd4 19. Nxd4 cxd4 20. Rfd1 Bxe4 21. fxe4 Nd7 22. Kf1 Nf6 23. Bd3 Ng4 24.
Ke2 g5 25. Bg3 Ne3 26. Rg1 f6 27.
Bf2 Rb8 28. b3 Rc7 29. Bxe3 dxe3 30. Rgc1 Bd6 31. Rxc7 Bxc7 32. h3 Bf4 33. Rc1 Kf7 34. g3 Bxg3 35. Rc6 Bf4 36. Ra6 h5 37. Bc4+ Kg6 38. Bd3 Kf7 39. Ra7+ Ke6 40. Bc4+ Ke5 41. Kd3 Rd8+ 42. Bd5 Re8 43. b4 g4 44. hxg4 hxg4 45. Rg7 g3 46. a4 f5 47. b5 fxe4+ 48. Bxe4 Rd8+ 49. Ke2 Kxe4 50. b6 Rd2+ 51. Ke1 Rb2 52. a5 g2 53. Rg6 Kf3 54. a6 Rb1# 0-1